 Dungeon Crawl Stone Soup version 0.29-a0-732-g3d7fbe0af2 (console) character file.

Game seed: 17348591902437058046

28731 om the Protected (level 12, 0/65 (71) HPs)
             Began as a Gargoyle Fire Elementalist on June 29, 2022.
             Was the Champion of Ru.
             Slain by a minotaur (22 damage)
             ... in a Gauntlet.
             The game lasted 01:25:45 (23594 turns).

om the Protected (Gargoyle Fire Elementalist)      Turns: 23594, Time: 01:25:45

HP:   0/65 (71)     AC: 24    Str: 15    XL:     12   Next: 40%
MP:   19/21         EV: 11    Int: 16    God:    Ru [******]
Gold: 1050          SH:  0    Dex: 11    Spells: 8/23 levels left

rFire   . . .      SeeInvis .   a - +3 flail (protect)
rCold   . . .      Faith    .   (shield unavailable)
rNeg    + + .      Spirit   .   D - +0 acid dragon scales
rPois   ∞          Reflect  .   W - +0 helmet
rElec   +          Harm     .   k - +2 ratskin cloak {*Rats rPois rN+ Str-1 Int-1 Dex+1}
rCorr   +          Rampage  .   G - +0 pair of gloves
Will    .....      Archmagi +   (no boots)
Stlth   ++........ NoTele   +   (no amulet)
HPRegen 0.20/turn               (ring unavailable)
MPRegen 0.17/turn               K - ring of the Mage {Wiz Archmagi}

@: drained, unable to drink
A: sickness immunity, AC +8, negative energy resistance 1, electricity
resistance, torment resistance 1, petrification resistance, inability to drink
while threatened 2, missing a hand, unskilled 1, inexperienced 1
a: Renounce Religion, Draw Out Power, Power Leap, Apocalypse


You were in a Gauntlet.
You worshipped Ru.
Ru was exalted by your worship.
You visited 2 branches of the dungeon, and saw 15 of its levels.
You also visited: Ossuary, Bailey and Gauntlet.

You collected 1133 gold pieces.
You spent 83 gold pieces at shops.

Inventory:

Hand Weapons
 a - a +3 flail of protection (weapon)
 b - the +9 sling of Vaitaet {venom, Int+2 Dex+2}
   (You found it in a bailey)

   Any ammunition fired from it poisons the flesh of those it strikes.
   Int:       It affects your intelligence (+2).
   Dex:       It affects your dexterity (+2).
 h - a +0 whip
 o - a +2 hand axe of flaming
Missiles
 P - a throwing net
Armour
 e - a +2 cloak
 g - a +1 robe
 k - the +2 ratskin cloak (worn) {*Rats rPois rN+ Str-1 Int-1 Dex+1}
   (You found it on level 3 of the Dungeon)

   When the wearer is hurt, rats may emerge from it to assist them.
   Str:       It affects your strength (-1).
   Int:       It affects your intelligence (-1).
   Dex:       It affects your dexterity (+1).
   rPois:     It protects you from poison.
   rN:        It protects you from negative energy.
 D - +0 acid dragon scales (worn)
 G - a +0 pair of gloves (worn)
 H - the +6 chain mail of Disaster {rC+ Int+2 Dex+3}
   (You found it on level 8 of the Dungeon)

   Int:       It affects your intelligence (+2).
   Dex:       It affects your dexterity (+3).
   rC:        It protects you from cold.
 L - the +3 Mad Mage's Maulers {Infuse+∞ RegenMP Int-3}
   (You found it in a bailey)

   It empowers its wearer's blows with all of their magic.
   It causes its wearer's magical reserves to regenerate more quickly.
   Int:       It affects your intelligence (-3).
 M - the +4 Cigotuvi's embrace {rMiasma Drain rN+}
   (You found it in a bailey)

   It gathers nearby corpses to temporarily increase the armour it provides.
   It protects you from foul pestilence.
   rN:        It protects you from negative energy.
   Drain:     It drains your maximum health when unequipped.
 O - a +2 robe of willpower
 W - a +0 helmet (worn)
Magical Staves
 S - a staff of cold
Jewellery
 c - a +6 ring of intelligence
 m - a ring of flight
 n - a +4 ring of evasion
 K - the ring of the Mage (right hand) {Wiz Archmagi}
   (You found it in a Gauntlet)

   [ring of wizardry]

   It improves your spell success rate.
   Archmagi:  It increases the power of your magical spells.
 R - the ring "Huuwn" {rPois rF++ MP+9 Dex+4}
   (You found it in a Gauntlet)

   [ring of poison resistance]

   Dex:       It affects your dexterity (+4).
   rF:        It greatly protects you from fire.
   rPois:     It protects you from poison.
   MP:        It affects your magic capacity (+9).
 T - a ring of see invisible
 V - a ring of protection from cold
Wands
 d - a wand of light (4)
 f - a wand of flame (15)
 C - a wand of iceblast (9)
 E - a wand of mindburst (18)
 Q - a wand of charming (4)
Scrolls
 i - 2 scrolls of fog
 j - 2 scrolls of fear
 l - 4 scrolls of brand weapon
 s - a scroll of enchant weapon
 v - 2 scrolls of amnesia
 y - 5 scrolls of teleportation
 z - a scroll of blinking
 A - 4 scrolls of enchant armour
Potions
 p - 6 potions of curing
 q - a potion of might
 r - a potion of magic
 t - 5 potions of heal wounds
 u - 2 potions of ambrosia
 w - 3 potions of brilliance
 x - a potion of attraction
 B - a potion of invisibility
 F - 3 potions of flight
 I - a potion of cancellation
 J - 2 potions of resistance
 N - 2 potions of mutation


   Skills:
 + Level 6.5 Fighting
 + Level 8.0 Maces & Flails
 + Level 6.8 Ranged Weapons
 * Level 12.5 Armour
 - Level 1.7 Dodging
 - Level 2.6 Stealth
 - Level 6.0 Spellcasting
 - Level 8.0 Conjurations
 - Level 8.0 Fire Magic


You had 8 spell levels left.
You knew the following spells:

 Your Spells              Type           Power      Damage    Failure   Level
a - Foxfire               Conj/Fire      100%       2x1d9     1%          1
b - Scorch                Fire           90%        2d10      1%          2
c - Conjure Flame         Conj/Fire      45%        6-21      1%          3
d - Inner Flame           Hex/Fire       26%        N/A       4%          3
e - Flame Wave            Conj/Fire      45%        2d10      2%          4
f - Blink                 Tloc           14%        N/A       11%         2

Your spell library contained the following spells:

 Spells                   Type           Power      Damage    Failure   Level
 Static Discharge         Conj/Air       26%        N/A       1%          2
 Sticky Flame             Conj/Fire      45%        2d6       2%          4
 Freeze                   Ice            28%        1d5       7%          1
 Summon Small Mammal      Summ           28%        N/A       7%          1
 Ignite Poison            Fire/Tmut/Pois 19%        N/A       8%          3
 Hailstorm                Conj/Ice       26%        3d7       13%         4
 Frozen Ramparts          Ice            14%        1d3       21%         3
 Lesser Beckoning         Tloc           7%         N/A       21%         3
 Spider Form              Tmut/Pois      7%         N/A       21%         3
 Lightning Bolt           Conj/Air       13%        1d26      34%         5
 Leda's Liquefaction      Hex/Erth       3%         N/A       52%         4
 Freezing Cloud           Conj/Ice/Air   9%         6-21      52%         5
 Alistair's Intoxication  Tmut/Pois      4%         N/A       86%         5
 Borgnjor's Vile Clutch   Necr/Erth      3%         N/A       86%         5
 Lee's Rapid Deconstruct  Erth           3%         3d6*      86%         5
 Manifold Assault         Tloc           7%         N/A       86%         5
 Eringya's Noxious Bog    Tmut/Pois      3%         N/A       100%        6
 Simulacrum               Ice/Necr       3%         N/A       100%        6
 Maxwell's Capacitive Co  Air            3%         ∞         100%        8
 Summon Horrible Things   Summ           3%         N/A       100%        8
 Polar Vortex             Ice            3%         N/A       100%        9
 Shatter                  Erth           3%         3d7*      100%        9
 Statue Form              Tmut/Erth      Unusable   N/A       N/A         6

Dungeon Overview and Level Annotations

Branches:
Dungeon (11/15)            Temple (0/1) D:4            Lair (4/6) D:10
 Shoals (0/4) Lair:2        Snake (0/4) Lair:4          Orc (0/2) D:10
Ossuary (visited)          Bailey (visited)         Gauntlet (1/1)

Altars:
Cheibriados
Dithmenos
Fedhas
Ru
Sif Muna
Trog
Vehumet
Wu Jian

Shops:
D:3 =[**   D:7 :   D:9 =

Annotations:
D:9 4 runed translucent doors
Lair:1 2 transporters, riojii's ghost, journeyman GrFi Gauntlet 8 transporters, 2 runed translucent doors


Innate Abilities, Weirdness & Mutations

You are immune to sickness and miasma.
Your stone body is resilient. (AC +8)
You are immune to poison.
You resist negative energy. (rN+)
You are resistant to electric shocks. (rElec)
You are resistant to unholy torment.
You are immune to petrification.
You sometimes lose the ability to drink potions when taking damage.
You are missing a hand.
You are somewhat unskilled. (-1 Apt)
You are somewhat inexperienced. (-1 XL)


Message History

You feel clever.
You feel agile.
The +9 sling of Vaitaet {venom, Int+2 Dex+2} begins to drip with poison!
b - the +9 sling of Vaitaet (weapon)
{venom, Int+2 Dex+2} A minotaur comes into view.
It is quivering silver javelins.
You shoot a sling bullet. The minotaur bellows!
The sling bullet hits the minotaur.
The minotaur is poisoned.
The minotaur is lightly wounded.
You shoot a sling bullet.
The sling bullet hits the minotaur but does no damage.
The minotaur looks as sick as possible!
The minotaur is lightly wounded.
The minotaur drinks a potion.
The minotaur goes berserk!
The +9 sling of Vaitaet {venom, Int+2 Dex+2} stops dripping with poison.
Your +3 flail of protection hums with potential!
a - a +3 flail of protection (weapon)
Okay, then.
Aiming: Bolt of Light
Press: ? - help, Shift-Dir - straight line, f/p - minotaur
Aim: a minotaur, wearing a +0 chain mail and quivering silver javelins (lightly wounded, berserk, extremely poisoned, 83% to hit)
The bolt of light hits the minotaur!
The minotaur is lightly wounded.
The minotaur is blinded.
The minotaur hits you!!
You feel threatened and lose the ability to drink potions!
A river rat scurries out from under your cloak.
The minotaur gores you!
You focus your inner power and blind the minotaur in retribution!
The minotaur hits you but does no damage.
The minotaur gores you but does no damage.
You swap places.
The minotaur hits your river rat!!
Your river rat dies!
Casting: Scorch (safe; 1% risk of failure)
Confirm with . or Enter, or press ? or * to list all spells.
You feel a surge of power!
Flames lash the minotaur.
The minotaur is lightly wounded.
The minotaur's fire resistance burns away.
The minotaur barely misses you. The minotaur gores you!
A hell rat scurries out from under your cloak.
The minotaur hits you!!
You die...

...§##..#.######.#
...##...#.# ####
...#....#.# ..#
...#.8©.#.# #.#
...#....#.### #.#
.8.#.8©...#.# #.#
...#....#.#.# #.#
...#.8©.#.#.#####H#
...#....#.#.##..@.#
...##...#.#...r####
...§##..#.#.####..
.8.####.#........#
....##############
#...≈# #...##
#...≈# #...##


You could see a minotaur (berserk, blind, very poisoned, combustible, ally
target) and a friendly hell rat.

Vanquished Creatures
  4 hydras (Lair:1)
  2 two-headed ogres
  A death yak (D:10)
  An oklob plant (Lair:1)
  A black mamba (Lair:3)
  A gargoyle (Bailey)
  Maggie (D:7)
  5 cane toads
  3 komodo dragons
  A hellion (Gauntlet)
  A hornet (D:9)
  19 blink frogs
  A wyvern (D:8)
  A vampire (Bailey)
  2 wraiths (D:8)
  4 shadows (Gauntlet)
  43 yaks
  4 basilisks
  Grum (D:8)
  A steam dragon (D:10)
  Edmund (D:5)
  8 water moccasins
  2 hell hounds (Gauntlet)
  Duvessa (D:7)
  An ice beast (D:6)
  3 orc warriors
  2 sky beasts (D:7)
  5 black bears
  10 wolves
  6 ogres
  5 centaurs
  A phantom (D:4)
  2 kobold brigands
  9 bullfrogs
  5 necrophages
  2 scorpions (D:5)
  4 wights (D:8)
  Dowan (D:7)
  4 killer bees (D:10)
  7 vampire bats (Bailey)
  A howler monkey (D:10)
  2 wolf zombies (Bailey)
  A lava snake (D:9)
  5 orc priests
  A hound (D:6)
  A gnoll shaman (D:9)
  4 iguanas
  9 orc wizards
  A scorpion zombie (D:4)
  2 hell rats (D:10)
  8 mummies (Ossuary)
  4 adders
  14 gnolls
  2 river rats (D:10)
  A shadow imp (D:7)
  An ufetubus (D:6)
  A worm (D:2)
  A dart slug (D:4)
  53 orcs
  9 ball pythons
  3 bats
  3 endoplasms (D:2)
  3 giant cockroaches
  4 gnoll zombies (Ossuary)
  5 goblins
  10 hobgoblins
  3 jackals (D:1)
  5 quokkas
  3 frilled lizards
  9 kobolds
  4 kobold zombies (Ossuary)
  20 orc zombies (Bailey)
  6 rats
  8 bushes
383 creatures vanquished.

Vanquished Creatures (collateral kills)
  2 death yaks (D:10)
  A blink frog (Lair:3)
  Grinder (D:4)
  A shadow (Gauntlet)
  A wyvern (D:7)
  2 water moccasins
  A wolf (D:7)
  A necrophage (D:4)
  A bullfrog (Lair:2)
  A vampire bat (Bailey)
  An iguana (D:5)
  2 orc wizards
  A scorpion zombie (D:4)
  A gnoll (D:4)
  2 white imps (D:6)
  An orc (D:6)
20 creatures vanquished.

Vanquished Creatures (others)
  A rime drake (Lair:3)
  A rat (D:10)
  14 demonic plants (Gauntlet)
  573 foxfires
  24 fungi
  71 plants
  3 toadstools (D:3)
687 creatures vanquished.

Grand Total: 1090 creatures vanquished

Notes
Turn   | Place    | Note
-------+----------+-------------------------------------------
     0 | D:1      | om the Gargoyle Fire Elementalist began the quest for the
                  | Orb.
     0 | D:1      | Reached XP level 1. HP: 10/10 MP: 3/3
   195 | D:1      | Reached XP level 2. HP: 15/15 MP: 0/5
   702 | D:1      | Learned a level 2 spell: Scorch
   950 | D:2      | Reached skill level 1 in Armour
   950 | D:2      | Reached XP level 3. HP: 19/19 MP: 4/6
   970 | D:2      | Found a faded altar of an unknown god.
  1923 | D:2      | Prayed at the altar of an unknown god.
  1923 | D:2      | Became a worshipper of Ru the Awakened
  1929 | D:2      | Gained mutation: You are somewhat inexperienced. (-1 XL)
                  | [Ru sacrifice]
  1929 | D:2      | Reached XP level 2. HP: 15/15 MP: 5/5
  1929 | D:2      | Reached * piety under Ru
  1992 | D:3      | Found the +2 ratskin cloak {*Rats rPois rN+ Str-1 Int-1
                  | Dex+1}
  2106 | D:3      | Found Rouzita's Armour Emporium.
  2126 | D:3      | Found Uhu Nuyl's Assorted Antiques.
  2135 | D:3      | Bought a silvery potion for 18 gold pieces
  2135 | D:3      | Bought a scroll labelled ZEDGHY VIARGHU for 20 gold pieces
  2135 | D:3      | Bought a scroll labelled ZEDGHY VIARGHU for 20 gold pieces
  2208 | D:3      | Found Pucsados's Assorted Antiques.
  2215 | D:3      | Bought a lumpy golden potion for 25 gold pieces
  2291 | D:3      | Reached XP level 3. HP: 17/19 MP: 2/6
  2422 | D:3      | Found Assooz's Jewellery Boutique.
  2542 | D:4      | Noticed a phantom
  2555 | D:4      | Killed a phantom
  2556 | D:4      | Reached skill level 2 in Armour
  2556 | D:4      | Reached XP level 4. HP: 4/24 MP: 0/7
  2831 | D:4      | Found a bloodstained altar of Trog.
  2899 | D:4      | Found a shimmering blue altar of Sif Muna.
  2925 | D:4      | Reached skill level 1 in Maces & Flails
  3005 | D:4      | Noticed an ogre
  3175 | D:4      | Found a snail-covered altar of Cheibriados.
  3243 | D:4      | Noticed an ogre
  3275 | D:4      | Killed an ogre
  3276 | D:4      | Reached skill level 1 in Fighting
  3276 | D:4      | Reached XP level 5. HP: 29/29 MP: 2/9
  3364 | D:4      | Found a staircase to the Ecumenical Temple.
  3438 | D:4      | Noticed Grinder
  3446 | D:4      | Paralysed by Grinder for 4 turns
  3457 | D:4      | Paralysed by Grinder for 5 turns
  3466 | D:4      | Killed Grinder
  3467 | D:4      | Reached XP level 6. HP: 9/34 MP: 1/10
  3471 | D:4      | Learned a level 3 spell: Conjure Flame
  4255 | D:4      | Found a blossoming altar of Fedhas.
  4941 | D:4      | Reached skill level 3 in Armour
  4962 | D:4      | Reached skill level 5 in Fire Magic
  4962 | D:4      | Reached XP level 7. HP: 6/40 MP: 0/13
  5299 | D:5      | Entered Level 5 of the Dungeon
  5460 | D:5      | Found a radiant altar of Vehumet.
  5460 | D:5      | Noticed Edmund
  5538 | D:5      | Killed Edmund
  5807 | D:5      | Found a sand-covered staircase.
  5814 | Ossuary  | Entered an ossuary
  5846 | Ossuary  | Learned a level 3 spell: Inner Flame
  5883 | Ossuary  | Reached skill level 4 in Armour
  5907 | Ossuary  | Reached skill level 5 in Spellcasting
  6545 | D:5      | Gained mutation: You are somewhat unskilled. (-1 Apt) [Ru
                  | sacrifice]
  6545 | D:5      | Reduced skill Armour to level 3
  6545 | D:5      | Reduced skill Dodging to level 1
  6545 | D:5      | Reduced skill Fire Magic to level 5
  6545 | D:5      | Reached ** piety under Ru
  6545 | D:5      | Reached *** piety under Ru
  7320 | D:6      | Reached skill level 5 in Maces & Flails
  7320 | D:6      | Reached XP level 8. HP: 46/46 MP: 9/14
  8383 | D:6      | Found an ornate altar of the Wu Jian Council.
  8737 | D:7      | Noticed Maggie
  8738 | D:7      | Found Beusic's Book Shop.
  8819 | D:7      | Killed Maggie
  8990 | D:7      | Noticed Dowan
  9033 | D:7      | Killed Dowan
  9093 | D:7      | Noticed Duvessa
  9102 | D:7      | Killed Duvessa
  9103 | D:7      | Reached skill level 5 in Fighting
  9103 | D:7      | Reached skill level 5 in Conjurations
  9292 | D:7      | Gained mutation: You occasionally lose the ability to drink
                  | potions when taking damage. [Ru sacrifice]
  9292 | D:7      | Gained mutation: You sometimes lose the ability to drink
                  | potions when taking damage. [Ru sacrifice]
  9292 | D:7      | Reached **** piety under Ru
  9545 | D:7      | Got the Almanac of the Shifting Entourage
 10022 | D:8      | Noticed Grum
 10160 | D:8      | Identified the +6 chain mail of Disaster {rC+ Int+2 Dex+3}
 10458 | D:8      | Reached XP level 9. HP: 50/54 MP: 12/16
 10464 | D:8      | Reached skill level 4 in Armour
 10693 | D:8      | Found a shadowy altar of Dithmenos.
 10884 | D:8      | Noticed a two-headed ogre
 10899 | D:8      | Killed a two-headed ogre
 10900 | D:8      | Reached skill level 5 in Armour
 10900 | D:8      | Reached skill level 5 in Spellcasting
 11271 | D:8      | Killed Grum
 11723 | D:8      | Found a shadowy altar of Dithmenos.
 11879 | D:9      | Noticed a two-headed ogre
 11916 | D:8      | Reached skill level 6 in Armour
 11981 | D:9      | Found a flagged portal.
 12006 | Bailey   | Entered a bailey
 12432 | Bailey   | Noticed a gargoyle
 12514 | Bailey   | Killed a gargoyle
 12673 | Bailey   | Found the +3 Mad Mage's Maulers {Infuse+∞ RegenMP Int-3}
 12733 | Bailey   | Reached skill level 7 in Armour
 13327 | Bailey   | Found the +4 Cigotuvi's embrace {rMiasma Drain rN+}
 13329 | Bailey   | Got the Grimoire of Ashen Stolen Souls
 13333 | Bailey   | Identified the +9 sling of Vaitaet {venom, Int+2 Dex+2}
 14047 | D:9      | Reached skill level 8 in Armour
 14199 | D:9      | Killed a two-headed ogre
 14218 | D:9      | Gained mutation: You are missing a hand. [Ru sacrifice]
 14218 | D:9      | Reached ***** piety under Ru
 14218 | D:9      | Reached ****** piety under Ru
 14300 | D:9      | Found Ehehuwe's One-of-a-Kind Rings.
 14376 | D:9      | Reached XP level 10. HP: 41/59 MP: 11/17
 14708 | D:8      | Reached skill level 9 in Armour
 14998 | D:9      | Learned a level 4 spell: Flame Wave
 15071 | D:9      | Found a runed translucent door.
 15083 | D:9      | Found a runed translucent door.
 15096 | D:9      | Found a runed translucent door.
 15111 | D:9      | Found a runed translucent door.
 15273 | D:10     | Entered Level 10 of the Dungeon
 16118 | D:10     | Learned a level 2 spell: Blink
 16867 | D:10     | Found a staircase to the Orcish Mines.
 17212 | D:10     | Found a staircase to the Lair.
 17212 | D:10     | Noticed a death yak
 17212 | D:10     | Noticed a death yak
 17243 | D:10     | Killed a death yak
 17356 | D:10     | Noticed a death yak
 17586 | D:10     | Killed a death yak
 17594 | D:10     | Killed a death yak
 17730 | D:10     | Reached skill level 10 in Armour
 18261 | Lair:1   | Entered Level 1 of the Lair of Beasts
 18261 | Lair:1   | Noticed a five-headed hydra
 18267 | Lair:1   | Killed a five-headed hydra
 18268 | Lair:1   | Reached XP level 11. HP: 33/63 MP: 14/19
 18784 | Lair:1   | Noticed a six-headed hydra
 18839 | Lair:1   | Killed a six-headed hydra
 18840 | Lair:1   | Reached skill level 5 in Ranged Weapons
 18939 | Lair:1   | Noticed an eight-headed hydra
 18951 | Lair:1   | Killed an eight-headed hydra
 19113 | Lair:1   | Noticed a five-headed hydra
 19289 | Lair:1   | Killed a five-headed hydra
 19454 | Lair:1   | Noticed riojii's ghost (journeyman GrFi)
 19588 | Lair:1   | Found a transporter.
 19626 | Lair:1   | Found a transporter.
 19638 | Lair:1   | Found a bloodstained altar of Trog.
 19640 | Lair:1   | Identified the +0 scale mail "Diamenig" {rPois Regen+
                  | Str+2}
 20231 | Lair:2   | You fall into a shaft and drop 1 floor!
 20415 | Lair:2   | Reached skill level 11 in Armour
 21471 | Lair:2   | Found a staircase to the Shoals.
 21766 | Lair:3   | Reached XP level 12. HP: 69/69 MP: 21/21
 21946 | Lair:3   | Reached skill level 12 in Armour
 22910 | Lair:4   | Found a gate leading to a gauntlet.
 22939 | Gauntlet | Entered a Gauntlet
 22939 | Gauntlet | Found a transporter.
 22942 | Gauntlet | Found a transporter.
 22962 | Gauntlet | Found a transporter.
 22982 | Gauntlet | Found a transporter.
 22995 | Gauntlet | Found a transporter.
 23008 | Gauntlet | Found a transporter.
 23012 | Gauntlet | Noticed a dire elephant
 23028 | Gauntlet | Found a transporter.
 23032 | Gauntlet | Found a transporter.
 23036 | Gauntlet | Found a runed translucent door.
 23040 | Gauntlet | Found a transporter.
 23047 | Gauntlet | Found a runed translucent door.
 23067 | Gauntlet | Found a transporter.
 23067 | Gauntlet | Found a transporter.
 23100 | Gauntlet | Found a transporter.
 23102 | Gauntlet | Found the ring of the Mage {Wiz Archmagi}
 23499 | Gauntlet | Identified the ring "Huuwn" {rPois rF++ MP+9 Dex+4}
 23586 | Gauntlet | Noticed a minotaur
 23594 | Gauntlet | Slain by a minotaur

Illustrated notes

Levels and vault maps discovered:
D:1:      lightli_arrival_statue_moat, layout_basic, serial_glass,
          glass_columns_a, glass_columns_b
D:2:      layout_loops_ring, hellmonk_ecumenical_altar_pennies_from_heaven,
          grunt_ministairs_10, st_stairs_6
D:3:      layout_basic, serial_shops, nicolae_lakefront_shop, shop,
          nicolae_shop_hallway_stairs, nicolae_shop_hallway_plus,
          minmay_gold_behind_fungi, chequers_arboretum,
          minmay_misc_feat_hallway, st_stairs_13
D:4:      layout_basic, fedhas_altar_decomposition, kennysheep_orc_sif_temple,
          mainiacjoe_overflow_catwalk, kennysheep_slug_shrine,
          minmay_temple_entry_purple_smoke, dk_noncrumbling_4,
          roderic_serpentine_path, guppyfry_early_lair_pool, uniq_grinder
D:5:      layout_basic, old_standard_altar, nicolae_ossuary_entry_ruins,
          uniq_edmund
D:6:      layout_loops_corners, nzn_wu_jian_council_hall, portal_sewer_entry_e,
          water_boxes_lemuel
D:7:      layout_basic, serial_shops, shop, uniq_maggie, uniq_duvessa
D:8:      layout_loops_ring, mainiacjoe_overflow_cross_hatched, uniq_grum
D:9:      layout_small_grid, enter_bailey_4, nicolae_lava_and_water,
          nicolae_shop_unique_rings, minmay_statue_crystal_thing
D:10:     layout_stronghold, dpeg_lair_monsters, hiddenorc2_lemuel,
          serial_column_ruins, column_ruins_pillar_6, column_ruins_pillar_2,
          column_ruins_pillar_2, column_ruins_pillar_6, column_ruins_pillar_3,
          column_ruins_pillar_3, column_ruins_pillar_1, column_ruins_pillar_2,
          column_ruins_pillar_3, column_ruins_pillar_1, column_ruins_pillar_1,
          column_ruins_pillar_4, column_ruins_pillar_2, column_ruins_pillar_6,
          column_ruins_pillar_1, column_ruins_pillar_1, column_ruins_pillar_7,
          column_ruins_pillar_6, column_ruins_pillar_7, column_ruins_pillar_4
D:11:     layout_basic, uniq_erolcha, uniq_erica
Lair:1:   layout_cave_pods, gammafunk_ghost_wrathful_warriors, st_stairs_5,
          minmay_lair_oklob_bushes, grunt_megastairs_5
Lair:2:   layout_misc_corridors, minmay_shoals_entry_centaurs,
          beast_lair_carwin_1
Lair:3:   layout_long_grid, hibernation_bobbens
Lair:4:   layout_misc_corridors, minmay_snake_entry_six_corridors,
          gauntlet_entry_generic
Gauntlet: minmay_gauntlet_mixed_oops_all_seconds
          [minmay_gauntlet_arena_77_radiant_squares,
          gammafunk_gauntlet_arena_arrow_garden,
          minmay_gauntlet_arena_77_cramped, nicolae_gauntlet_arena_grate_2,
          minmay_gauntlet_arena_77_chump_sandwich,
          nicolae_gauntlet_arena_quarters, dreamdust_gauntlet_exit_labyrinth]

Skill      XL: |  1  2  3  4  5  6  7  8  9 10 11 12 |
---------------+-------------------------------------+-----
Armour         | 1 2 3 3 8 10 11 12 | 12.5
Stealth        | 3 2 |  2.6
Conjurations   | 2 3 3 5 6 8 |  8.0
Maces & Flails | 1 4 5 6 7 8 |  8.0
Fire Magic     | 4 5 5 6 7 8 |  8.0
Dodging        | 2 1 |  1.7
Spellcasting   | 3 4 4 5 6 |  6.0
Fighting       | 1 2 3 5 6 |  6.5
Ranged Weapons | 2 4 6 |  6.8

Action                   |  1- 3 |  4- 6 |  7- 9 | 10-12 || total
-------------------------+-------+-------+-------+-------++-------
Melee: Whip              |    12 |    54 |     6 |       ||    72
       Unarmed           |     1 |       |       |       ||     1
       Hand axe          |       |    14 |     4 |       ||    18
       Flail             |       |       |   168 |   299 ||   467
       Punch             |       |       |     2 |       ||     2
 Fire: Sling             |       |       |    26 |   328 ||   354
 Cast: Foxfire           |    50 |    22 |   196 |    75 ||   343
       Scorch            |     6 |    35 |    93 |    94 ||   228
       Inner Flame       |       |       |     5 |     1 ||     6
       Conjure Flame     |       |       |    16 |    24 ||    40
       Blink             |       |       |       |     2 ||     2
       Flame Wave        |       |       |       |    20 ||    20
Invok: Sacrifice Experie |     1 |       |       |       ||     1
       Sacrifice Skill   |       |       |     1 |       ||     1
       Sacrifice Drink   |       |       |     1 |       ||     1
       Sacrifice a Hand  |       |       |     1 |       ||     1
       Draw Out Power    |       |       |       |     2 ||     2
Evoke: Wand              |       |     1 |       |     6 ||     7
  Use: Scroll            |     6 |       |    12 |     7 ||    25
       Potion            |     2 |     4 |     2 |     3 ||    11
 Stab: Distracted        |       |       |     2 |     1 ||     3
       Petrified         |       |       |       |     2 ||     2
       Paralysed         |       |       |       |     4 ||     4
Armor: Robe              |     7 |    41 |    41 |       ||    89
       Acid dragon scale |       |       |   121 |   320 ||   441
Dodge: Dodged            |    11 |    38 |   257 |   411 ||   717

Table legend: (Time is in decaauts)
 A = Elapsed time spent in this place.
 B = Non-inter-level travel time spent in this place.
 C = Inter-level travel time spent in this place.
 D = Time resting spent in this place.
 E = Time spent auto-exploring this place.
 F = Levels seen in this place.
 G = Mean time per level.
                   A        B        C        D        E       F      G
               +--------+--------+--------+--------+--------+-----+--------+
         Total |  23688 |  22767 |    921 |   6285 |  11655 |  18 | 1316.0 |
       Dungeon |  16686 |  15879 |    807 |   4394 |   8453 |  11 | 1516.9 |
          Lair |   4512 |   4399 |    113 |   1100 |   2254 |   4 | 1128.0 |
       Ossuary |    330 |    330 |      0 |    113 |    101 |   1 |  330.0 |
        Bailey |   1506 |   1506 |      0 |    494 |    546 |   1 | 1506.0 |
      Gauntlet |    652 |    652 |      0 |    183 |    301 |   1 |  652.0 |
               +--------+--------+--------+--------+--------+-----+--------+

Top non-repeatable levels by time:
     D:4: 2722 daAuts
     D:8: 2345 daAuts
    D:10: 2325 daAuts
     D:9: 2129 daAuts
     D:6: 1666 daAuts
  Lair:1: 1637 daAuts
  Lair:2: 1583 daAuts
  Bailey: 1506 daAuts
     D:7: 1452 daAuts
     D:5: 1402 daAuts
  Lair:3: 1248 daAuts
     D:2: 988 daAuts
     D:3: 921 daAuts
     D:1: 712 daAuts
Gauntlet: 652 daAuts
